 Dungeon Crawl Stone Soup version 0.17-a0-1393-gcb420ff (webtiles) character file.

9643 DEFE the Blocker (level 11, 0/91 HPs)
             Began as a Formicid Fighter on June 16, 2015.
             Was a Believer of the Shining One.
             Slain by a war gargoyle
             ... wielding a +0 flail
              (17 damage)
             ... on level 10 of the Dungeon.
             The game lasted 00:21:43 (9215 turns).

DEFE the Blocker (Formicid Fighter)                 Turns: 9215, Time: 00:21:43

Health: 0/91       AC: 16    Str: 24    XL:     11   Next: 78%
Magic:  9/11       EV:  8    Int:  8    God:    the Shining One [**....]
Gold:   332        SH: 18    Dex: 10    Spells: 0 memorised, 10 levels left

rFire  . . .     SeeInvis +     O - +0 great sword (curse)
rCold  . . .     Clarity  .     y - +0 plate armour
rNeg   + . .     SustAt   +     c - +0 shield
rPois  .         Gourm    .     (helmet unavailable)
rElec  .         Spirit   .     t - +0 cloak
rCorr  .         Warding  .     (no gloves)
rMut   .         Stasis   +     (no boots)
MR     +....                    D - amulet of regeneration
Stlth  ..........               p - ring of sustain attributes
                                i - ring of stealth

@: divine shield, glowing, somewhat resistant to hostile enchantments, extremely
unstealthy
A: permanent stasis, dig shafts and tunnels, four strong arms, antennae 3
a: Dig, Shaft Self, Divine Shield, Renounce Religion


You were on level 10 of the Dungeon.
You worshipped the Shining One.
The Shining One was pleased with you.
You were not hungry.

You visited 2 branches of the dungeon, and saw 11 of its levels.
You also visited: Sewer.

You collected 332 gold pieces.

Inventory:

Hand weapons
 a - a +1 long sword
 r - a +0 scimitar
 O - a cursed +0 great sword (weapon)
Missiles
 x - 6 tomahawks (quivered)
Armour
 b - a +0 scale mail
 c - a +0 shield (worn)
 q - a +0 chain mail
 t - a +0 cloak (worn)
 y - a +0 plate armour (worn)
 H - the +1 ring mail "Ogezaar" {MR++ Slay+2}
   (You found it on level 8 of the Dungeon)

   It affects your accuracy and damage with ranged weapons and melee attacks
   (+2).
   It affects your resistance to hostile enchantments.
Jewellery
 i - a ring of stealth (left hand)
 p - a ring of sustain attributes (right hand)
 A - an uncursed amulet of resist mutation
 D - an amulet of regeneration (around neck)
Magical devices
 d - a wand of polymorph (13)
 g - a wand of magic darts (0)
 B - a wand of confusion (38)
 C - a wand of fireball (11)
 F - a wand of magic darts (13)
 I - a wand of fireball (10)
 K - a wand of cold (4)
 L - a wand of polymorph (17)
Scrolls
 h - 2 scrolls of magic mapping
 z - 2 scrolls of enchant weapon
 G - 4 scrolls of remove curse
 J - a scroll of immolation
Potions
 f - a potion of lignification {unknown}
 k - 7 potions of brilliance
 l - a potion of agility
 m - 2 potions of cancellation
 n - 6 potions of curing
 o - a potion of resistance
 v - 2 potions of flight {unknown}
 w - a potion of poison {unknown}
 E - 2 potions of magic
Comestibles
 e - 4 bread rations
 j - 2 beef jerkies
 s - 6 fruits


   Skills:
 + Level 10.2 Fighting
 + Level 9.0 Long Blades
 + Level 10.2 Armour
 - Level 2.1 Dodging
 + Level 11.0 Shields


You had 10 spell levels left.
You didn't know any spells.

Dungeon Overview and Level Annotations

Branches:
Dungeon (10/15)            Temple (1/1) D:4
   Lair: D:8-11         Orc: D:9-12

Altars:
Ashenzari
Cheibriados
Dithmenos
Elyvilon
Fedhas
Gozag
Kikubaaqudgha
Makhleb
Nemelex Xobeh
Okawaru
Qazlal
Ru
Sif Muna
Trog
Vehumet
Xom
Yredelemnul
Zin
The Shining One

Annotations:
D:6 Menkaure


Innate Abilities, Weirdness & Mutations

You are under a permanent stasis effect.
You can dig through walls and to a lower floor.
Your four strong arms can wield two-handed weapons with a shield.
You have a pair of large antennae on your head (SInv).


Message History

The spray of metal splinters misses you.
Drink which item? (? for menu, Esc to quit)
You feel better. The war gargoyle hits you with a flail!
* * * LOW HITPOINT WARNING * * *
Unknown command.
You slash the war gargoyle!
The war gargoyle is severely damaged.
The war gargoyle hits you with a flail!!
* * * LOW HITPOINT WARNING * * *
Unknown command.
Drink which item? (? for menu, Esc to quit)
Okay, then.
Read which item? (? for menu, Esc to quit)
Okay, then.
Drink which item? (? for menu, Esc to quit)
You feel better. You block the war gargoyle's attack.
Drink which item? (? for menu, Esc to quit)
You feel better. You block the war gargoyle's attack.
The war gargoyle hits you with a flail!
You die...

#.......# #.'⌠).....⌠+
.........###.#(._.._..#
##...........#⌠......⌠#
#.......##..##########
###.#######.# $$$$##
... #.## .^...# ###
#..##....##
#...#8..8#..
#...@9s.....
#######..... ###


You could see a wolf spider and a war gargoyle.

Vanquished Creatures
  Maud (D:10)
  Erolcha (D:9)
  Pikel (D:7)
  A hill giant (D:10)
  Joseph (D:9)
  The ghost of Aiteri the Chopper, an experienced HOFi (D:5)
  A troll (D:8)
  Grinder (D:6)
  A two-headed ogre (D:9)
  Prince Ribbit (D:5)
  Duvessa (D:7)
  6 yaks
  A hungry ghost (D:7)
  2 hippogriffs
  4 wolves (D:8)
  2 sky beasts
  2 ice beasts (D:5)
  A wasp (D:8)
  A black bear (D:8)
  2 orc warriors
  4 ogres
  6 centaurs
  2 big kobolds (Sewer)
  4 giant frogs
  5 scorpions
  A wyvern skeleton (D:9)
  7 killer bees
  2 jellies
  A giant frog zombie (D:6)
  5 wights (D:9)
  2 crimson imps
  A wasp zombie (D:7)
  An iguana (D:4)
  A centaur zombie (D:5)
  5 hounds
  A centaur skeleton (D:9)
  A giant frog skeleton (D:10)
  3 worker ants
  An orc wizard (D:8)
  4 gnolls (D:5)
  13 adders
  2 shadow imps
  6 oozes
  2 adder zombies
  3 worms
  An adder skeleton (D:3)
  2 giant geckos
  10 orcs
  6 giant cockroaches
  12 goblins
  11 hobgoblins
  18 jackals
  3 quokkas
  3 ball pythons
  17 bats
  A giant cockroach zombie (D:5)
  A giant gecko skeleton (D:6)
  A giant gecko zombie (D:5)
  3 giant newts
  A jackal zombie (D:5)
  26 kobolds
  A quokka zombie (D:4)
  12 rats
244 creatures vanquished.

Vanquished Creatures (others)
  2 slaves (D:7)
  An ogre (D:7)
  Dowan (D:7)
  A giant frog zombie (D:7)
  A shadow imp (D:8)
6 creatures vanquished.

Grand Total: 250 creatures vanquished

Notes
Turn   | Place    | Note
--------------------------------------------------------------
     0 | D:1      | DEFE the Formicid Fighter began the quest for the Orb.
     0 | D:1      | Reached XP level 1. HP: 18/18 MP: 1/1
    61 | D:1      | Reached XP level 2. HP: 20/24 MP: 2/2
   268 | D:1      | Reached skill level 4 in Shields
   509 | D:1      | Reached XP level 3. HP: 29/29 MP: 3/3
  1113 | D:2      | Reached XP level 4. HP: 29/37 MP: 4/4
  1295 | D:2      | Noticed an angel
  1296 | D:2      | Found a shimmering altar of Xom.
  1296 | D:2      | Found a glowing silver altar of Zin.
  1617 | D:2      | Reached XP level 5. HP: 29/42 MP: 5/5
  1741 | D:2      | Found an opulent altar of Gozag.
  2031 | D:3      | Found a glowing drain.
  2053 | Sewer    | Entered a sewer
  2330 | Sewer    | Reached XP level 6. HP: 46/49 MP: 6/6
  2342 | Sewer    | Reached skill level 5 in Shields
  2769 | D:3      | Reached skill level 5 in Armour
  3144 | D:4      | Reached XP level 7. HP: 31/55 MP: 7/7
  3413 | D:4      | Found a staircase to the Ecumenical Temple.
  3419 | Temple   | Entered the Ecumenical Temple
  3518 | Temple   | Became a worshipper of the Shining One
  3625 | D:4      | Reached skill level 5 in Fighting
  4015 | D:5      | Entered Level 5 of the Dungeon
  4201 | D:5      | Reached skill level 6 in Shields
  4223 | D:5      | Reached XP level 8. HP: 58/64 MP: 8/8
  4359 | D:5      | Noticed Aiteri's ghost (experienced HOFi)
  4380 | D:5      | The Shining One protects you from harm!
  4382 | D:5      | Killed Aiteri's ghost
  4382 | D:5      | Reached skill level 5 in Long Blades
  4684 | D:5      | Noticed Prince Ribbit
  4696 | D:5      | Killed Prince Ribbit
  4696 | D:5      | Reached skill level 7 in Shields
  4832 | D:5      | Reached XP level 9. HP: 65/71 MP: 9/9
  4853 | D:5      | Found a blossoming altar of Fedhas.
  5110 | D:5      | Acquired the Shining One's first power
  5302 | D:6      | Noticed Menkaure
  5787 | D:6      | Noticed Grinder
  5798 | D:6      | Killed Grinder
  5798 | D:6      | Reached skill level 8 in Shields
  6398 | D:7      | Noticed Pikel
  6419 | D:7      | Killed Pikel
  6419 | D:7      | Reached XP level 10. HP: 70/80 MP: 10/10
  6426 | D:7      | Noticed Duvessa
  6442 | D:7      | Killed Duvessa
  6445 | D:7      | Noticed Dowan
  6464 | D:7      | Killed Dowan
  6928 | D:7      | Reached skill level 9 in Shields
  7108 | D:7      | Found a sacrificial altar of Ru.
  7108 | D:7      | Acquired the Shining One's second power
  7126 | D:7      | Found an iron altar of Okawaru.
  7129 | D:7      | Found a bloodstained altar of Trog.
  7434 | D:8      | Got a spiked ring mail
  7445 | D:8      | Identified the +1 ring mail "Ogezaar" {MR++ Slay+2} (You found it on level 8 of the Dungeon)
  7503 | D:8      | Reached skill level 1 in Dodging
  8436 | D:9      | Reached XP level 11. HP: 66/89 MP: 8/11
  8440 | D:9      | Reached skill level 10 in Shields
  8585 | D:9      | Noticed Joseph
  8602 | D:9      | Killed Joseph
  8878 | D:9      | Noticed Erolcha
  8895 | D:9      | Killed Erolcha
  9020 | D:10     | Entered Level 10 of the Dungeon
  9066 | D:10     | Noticed Maud
  9092 | D:10     | Killed Maud
  9092 | D:10     | Reached skill level 10 in Fighting
  9092 | D:10     | Reached skill level 10 in Armour
  9092 | D:10     | Reached skill level 11 in Shields
  9126 | D:10     | Found a snail-covered altar of Cheibriados.
  9126 | D:10     | Found a radiant altar of Vehumet.
  9129 | D:10     | Noticed a war gargoyle
  9130 | D:10     | Noticed a hill giant
  9146 | D:10     | Killed a hill giant
  9200 | D:10     | Noticed a wolf spider
  9213 | D:10     | HP: 2/91 [war gargoyle/flail (25)]
  9215 | D:10     | Slain by a war gargoyle

Vault maps used:
D:1:      scummos_arrival_hexagon
D:2:      grunt_temple_overflow_order_and_chaos_1, grunt_gozag_breadcrumbs
D:3:      portal_sewer_entry_d, first_bread
D:4:      minmay_temple_entry_fiery
D:5:      fedhas_altar_2, uniq_prince_ribbit1
D:6:      uniq_grinder, uniq_menkaure
D:7:      minmay_overflow_temple_star_quad, uniq_pikel, uniq_duvessa
D:8:      erik_lair_island
D:9:      uniq_joseph, uniq_erolcha
D:10:     serial_shops, kennysheep_mini_moat, grunt_tengu_nest,
          jmf_multi_god_temple, uniq_maud
Temple:   circular_temple_pool_12
Sewer:    kennysheep_pipe_town

Action                   |  1- 3 |  4- 6 |  7- 9 | 10-12 || total
-------------------------+-------+-------+-------+-------++-------
Melee: Long sword        |   131 |   353 |   239 |       ||   723
       Scimitar          |       |       |    58 |   333 ||   391
       Great sword       |       |       |       |    58 ||    58
Invok: Divine Shield     |       |       |       |     5 ||     5
 Abil: Dig               |       |     1 |     1 |     5 ||     7
Evoke: Wand              |       |       |     3 |       ||     3
  Use: Scroll            |       |     2 |     8 |     9 ||    19
       Potion            |       |       |     2 |    12 ||    14
  Eat: Chunk             |       |     9 |     6 |     8 ||    23
       Meat ration       |       |       |     1 |     1 ||     2
       Bread ration      |       |       |       |     1 ||     1
